AoeStats
← ArthurMitchell3

Arabia

509238157Analyzed
1v1 RM · 6d ago on Sep 26, 2026· 32m 35s· 2 players
Game mode
Random Map
Map size
Tiny (2 player)
Population
200
Speed
Normal
Resources
Standard
Victory
Conquest
Starting age
Dark Age
Ending age
Imperial Age
RankedLock teamsTeams togetherTeam positionsShared explorationLock speedFull tech treeHidden civsTurbo modeCheats
Victory
Defeat
🇲🇽 Persians · Mexico
1265
+17
🇺🇸 Burmese · United States
1285
-17
Echidna
5:40 Loom
8:34 Feudal Age
8:59 Double-Bit Axe
13:27 Town Watch
21:00 Castle Age
19:13 Fletching
19:19 Gold Mining
20:50 Horse Collar
21:23 Padded Archer Armor
20:48 Crossbowman
22:15 Wheelbarrow
23:17 Bodkin Arrow
28:11 Thumb Ring
30:18 Bow Saw
ArthurMitchell3
7:43 Loom
10:30 Feudal Age
16:33 Castle Age
25:35 Sanctity
Connection lost

Rejoining the realm…

Still unreachable

The connection could not be restored.

Session expired

The server has moved on; the page needs a fresh start.